 Dungeon Crawl Stone Soup version 0.26-a0-1164-g1a551d6a14 (webtiles) character file.

Game seed: 14311946192573240237

13 vvl the Skirmisher (level 2, 24/24 HPs)
             Began as a Demonspawn Fighter on Dec 24, 2020.
             Got out of the dungeon alive.
             The game lasted 00:01:29 (462 turns).

vvl the Skirmisher (Demonspawn Fighter)              Turns: 462, Time: 00:01:30

Health: 24/24      AC:  6    Str: 16    XL:     2   Next: 24%
Magic:  2/2        EV:  6    Int:  9    God:
Gold:   14         SH:  9    Dex: 14    Spells: 1/1 levels left

rFire    . . .     SeeInvis .   a - +0 long sword
rCold    . . .     Faith    .   c - +0 kite shield
rNeg     . . .     Spirit   .   b - +0 scale mail
rPois    .         Reflect  .   (no helmet)
rElec    .         Harm     .   (no cloak)
rCorr    .         Rampage  .   (no gloves)
Will     .....                  (no boots)
Stlth    +.........             (no amulet)
HPRegen  0.08/turn              (no ring)
MPRegen  0.08/turn              (no ring)

@: no status effects
A: thin skeletal structure 1
a: no special abilities


You escaped.
You visited 1 branch of the dungeon, and saw 1 of its levels.

You collected 14 gold pieces.

Inventory:

Hand Weapons
 a - a +0 long sword (weapon)
 f - a cursed -2 dagger
Armour
 b - a +0 scale mail (worn)
 c - a +0 kite shield (worn)
Scrolls
 e - 2 scrolls of teleportation {unknown}
Potions
 d - a potion of might


   Skills:
 + Level 3.1 Fighting
 * Level 2.1 Long Blades
 + Level 2.8 Armour
 + Level 2.8 Shields
 + Level 0.5 Necromancy


You had one spell level left.
You didn't know any spells.
Your spell library was empty.

Dungeon Overview and Level Annotations

Branches:
Dungeon (1/15)

Altars:


Innate Abilities, Weirdness & Mutations

You have a somewhat thin skeletal structure. (Dex +2, Stealth)


Message History

e - 2 scrolls labelled DEIXKA TYULI (gained 1)
Found a stone staircase leading down.
A bat comes into view.
The bat hits you but does no damage.
You closely miss the bat. The bat hits you. You block the bat's attack.
You slash the bat!
You kill the bat!
No target in view!
A rat comes into view.
A rat is nearby!
You block the rat's attack.
You closely miss the rat. The rat bites you but does no damage.
You barely miss the rat. The rat barely misses you. You block the rat's attack.
You hit the rat.
You kill the rat!
There is an open door here.
There is a staircase leading out of the dungeon here.
You can't go down here!
Are you sure you want to leave the Dungeon?
This will make you lose the game!
You have escaped!

#..#.# #......... #######...#
#........#
###...####..###########[.......#
#.........................(...#
#.#...#####.......#####...#####
#.#...# #..'#≈≈##.......######
#.#...# #..#....#.....#.......
#.#...# #..≈....≈.....#.######
#.#...# #..≈.@⌠.≈.....#.#
#.##### #..≈....≈.....#.#
#)....# #[.#....#.....#)#
#...#.# #.###≈≈###§≈###.#
#...#.# #. .....#....#..#
##...#.# #. .....≈....≈..#
.......# ...(.≈.⌠..≈..# .......#
.....≈....§..# .......#
.#....#..#


There were no monsters in sight!

Vanquished Creatures
  A dart slug (D:1)
  A leopard gecko (D:1)
  A ball python (D:1)
  3 bats (D:1)
  A kobold (D:1)
  A frilled lizard (D:1)
  2 rats (D:1)
10 creatures vanquished.

Notes
Turn   | Place    | Note
-------+----------+-------------------------------------------
     0 | D:1      | vvl the Demonspawn Fighter began the quest for the Orb.
     0 | D:1      | Reached XP level 1. HP: 18/18 MP: 1/1
   306 | D:1      | Gained mutation: You have a somewhat thin skeletal
                  | structure. (Dex +2, Stealth) [demonic ancestry]
   306 | D:1      | Reached XP level 2. HP: 16/24 MP: 2/2
   462 | D:$      | Got out of the dungeon alive.

Illustrated notes

Levels and vault maps discovered:
D:1:      dpeg_arrival_rooms_with_view, layout_basic

Skill      XL: |  1 |
---------------+----+-----
Long Blades    | 2 |  2.1
Fighting       | |  3.1
Armour         | |  2.8
Shields        | |  2.8
Necromancy     | |  0.5

Action                   || total
-------------------------++-------
Melee: Long sword        ||    37
Armor: Scale mail        ||    14
Dodge: Dodged            ||    13
Block: Kite shield       ||    17
       Rpst.: Long sword ||     5

Table legend: (Time is in decaauts)
 A = Elapsed time spent in this place.
 B = Non-inter-level travel time spent in this place.
 C = Inter-level travel time spent in this place.
 D = Time resting spent in this place.
 E = Time spent auto-exploring this place.
 F = Levels seen in this place.
 G = Mean time per level.
                   A        B        C        D        E       F      G
               +--------+--------+--------+--------+--------+-----+--------+
         Total |    476 |    433 |     43 |      0 |    345 |   1 |  476.0 |
       Dungeon |    476 |    433 |     43 |      0 |    345 |   1 |  476.0 |
               +--------+--------+--------+--------+--------+-----+--------+

Top non-repeatable levels by time:
     D:1: 476 daAuts
